 Dungeon Crawl Stone Soup version 0.21.1-1-g345015f (webtiles) character file.

224 wojtek the Chopper (level 5, -8/46 HPs)
             Began as a Minotaur Fighter on June 9, 2018.
             Killed by nerve-wracking pain
             ... invoked by Grinder
              (14 damage)
             ... on level 3 of the Dungeon.
             The game lasted 00:02:52 (1995 turns).

wojtek the Chopper (Minotaur Fighter)               Turns: 1995, Time: 00:02:53

Health: -8/46      AC:  9    Str: 21    XL:     5   Next: 67%
Magic:  4/4        EV:  5    Int:  5    God:
Gold:   128        SH:  9    Dex: 10    Spells: 4/4 levels left

rFire    . . .     SeeInvis .   a - +0 war axe
rCold    . . .     Gourm    .   c - +0 shield
rNeg     . . .     Faith    .   h - +0 chain mail
rPois    .         Spirit   .   (helmet restricted)
rElec    .         Reflect  .   (no cloak)
rCorr    .         Harm     .   (no gloves)
MR       .....                  (no boots)
Stlth    ..........             (no amulet)
HPRegen  0.15/turn              (no ring)
MPRegen  0.09/turn              (no ring)

@: about to teleport
A: retaliatory headbutt, horns 2
a: no special abilities


You were on level 3 of the Dungeon.
You were hungry.

You visited 1 branch of the dungeon, and saw 3 of its levels.

You collected 128 gold pieces.

Inventory:

Hand Weapons
 a - a +0 war axe (weapon)
Armour
 c - a +0 shield (worn)
 h - a +0 chain mail (worn)
Jewellery
 e - an uncursed ring of protection from magic {unknown}
Scrolls
 i - 4 scrolls of identify {unknown}
 p - a scroll of remove curse {unknown}
Potions
 b - a potion of curing {unknown}
 d - a potion of might
 j - a potion of degeneration {unknown}
 k - a potion of agility {unknown}
 m - a potion of invisibility {unknown}
 o - 2 potions of resistance {unknown}
 q - a potion of magic {unknown}
Comestibles
 f - 5 rations
 g - 4 chunks of flesh


   Skills:
 + Level 3.9 Fighting
 + Level 6.6 Axes
 + Level 3.9 Armour
 + Level 1.0 Dodging
 + Level 3.8 Shields


You had 4 spell levels left.
You didn't know any spells.

Dungeon Overview and Level Annotations

Branches:
Dungeon (3/15)

Altars:
Elyvilon

Annotations:
D:3 Grinder, Sigmund


Innate Abilities, Weirdness & Mutations

You reflexively headbutt those who attack you in melee.
You have a pair of horns on your head.


Message History

You resist with significant effort. Something hits you.
* * * LOW HITPOINT WARNING * * *
Something hits you.
* * * LOW HITPOINT WARNING * * *
Something hits you but does no damage. Grinder gestures at you.
You resist with significant effort.
You can move again.
Okay, then.
As you read the scroll labeled WEZU ODIUBAMUDD, it crumbles to dust.
You feel aware of your surroundings.
It was a scroll of magic mapping.
As you read the scroll labeled UFFOANG UDID, it crumbles to dust.
You feel strangely unstable.
It was a scroll of teleportation.
You block Grinder's attack.
You closely miss Grinder.
Grinder is severely wounded.
Grinder gestures at you. Pain shoots through your body!
You die...

#......#.##.# *, #.#.........#
*, #.#.##.#....# *,
#.#.##.#.#.#### *,
######.#......#....# *,
.........#.##.####.# *,
.#######.#.........# **
.#.....#.####.######
.#.#####........@5.#
.......######.####.########***
...###.######.#............,,#
............#.#.##.#########.#*
.)#..#.####.#.#.##.## *..5....*
.....#.# #.#.#.....# *.......*
.)..##.#
#.#.####..###.......***
.......# #.#.# #..##†.......,,,
.#..#######.#.#
#...)).......***


You could see Grinder.

Vanquished Creatures
  A centaur skeleton (D:3)
  An orc wizard (D:3)
  An iguana (D:2)
  Robin (D:2)
  4 adders (D:2)
  An ooze (D:1)
  4 dart slugs
  2 worms (D:2)
  A leopard gecko (D:2)
  4 orcs (D:3)
  5 giant cockroaches
  13 goblins
  10 hobgoblins
  4 jackals
  6 kobolds
  A ball python (D:1)
  5 bats (D:1)
  3 frilled lizards (D:3)
  5 rats
72 creatures vanquished.

Notes
Turn   | Place    | Note
-------+----------+-------------------------------------------
     0 | D:1      | wojtek the Minotaur Fighter began the quest for the Orb.
     0 | D:1      | Reached XP level 1. HP: 19/19 MP: 0/0
    31 | D:1      | Reached skill level 3 in Axes
    48 | D:1      | Reached XP level 2. HP: 26/26 MP: 1/1
   182 | D:1      | Reached skill level 4 in Axes
   476 | D:1      | Reached XP level 3. HP: 27/31 MP: 2/2
   797 | D:2      | Reached skill level 5 in Axes
   797 | D:2      | Reached XP level 4. HP: 39/39 MP: 3/3
   974 | D:2      | Noticed Robin
   985 | D:2      | Killed Robin
  1037 | D:2      | Reached skill level 6 in Axes
  1315 | D:2      | Reached XP level 5. HP: 39/45 MP: 4/4
  1439 | D:2      | Found a white marble altar of Elyvilon.
  1954 | D:3      | Noticed Grinder
  1957 | D:3      | Reached skill level 1 in Dodging
  1961 | D:3      | Noticed Sigmund
  1985 | D:3      | Paralysed by Grinder for 6 turns
  1995 | D:3      | Killed from afar by Grinder

Skill      XL: |  1  2  3  4  5 |
---------------+----------------+-----
Axes           | 3 4 5 6 |  6.6
Dodging        | 1 |  1.0
Fighting       | |  3.9
Armour         | |  3.9
Shields        | |  3.8

Action                   |  1- 3 |  4- 6 || total
-------------------------+-------+-------++-------
Melee: War axe           |    63 |    87 ||   150
       Headbutt          |    10 |    11 ||    21
  Use: Scroll            |       |     2 ||     2
  Eat: Chunk             |       |     3 ||     3
Armor: Scale mail        |     4 |       ||     4
       Chain mail        |    41 |    27 ||    68
Dodge: Dodged            |    11 |    15 ||    26
Block: Shield            |    40 |    42 ||    82
